 Dungeon Crawl Stone Soup version 0.27-a0-291-gd9602db6ee (webtiles) character file.

Game seed: 3878013671764803872

44 Fenrir042 the Conjurer (level 3, -1/19 HPs)
             Began as a Gargoyle Conjurer on Feb 9, 2021.
             Slain by an adder (3 damage)
             ... on level 3 of the Dungeon.
             The game lasted 00:06:25 (2612 turns).

Fenrir042 the Conjurer (Gargoyle Conjurer)          Turns: 2612, Time: 00:06:26

Health: -1/19      AC: 15    Str: 10    XL:     3   Next: 62%
Magic:  6/6        EV:  1    Int: 19    God:
Gold:   152        SH:  0    Dex:  8    Spells: 6/7 levels left

rFire    . . .     SeeInvis .   p - +0 flail (holy)
rCold    . . .     Faith    .   (no shield)
rNeg     + . .     Spirit   .   d - +0 plate armour
rPois    ∞         Reflect  .   (no helmet)
rElec    +         Harm     .   (no cloak)
rCorr    .         Rampage  .   (no gloves)
Will     .....                  o - +0 pair of boots
Stlth    ..........             (no amulet)
HPRegen  0.06/turn              (no ring)
MPRegen  0.10/turn              (no ring)

@: no status effects
A: negative energy resistance 1, electricity resistance, unbreathing,
petrification resistance, miasma immunity, AC +3
a: no special abilities


You were on level 3 of the Dungeon.
You visited 1 branch of the dungeon, and saw 3 of its levels.

You collected 152 gold pieces.

Inventory:

Hand Weapons
 e - a +0 club
 p - a +0 flail of holy wrath (weapon)
Armour
 a - a +0 robe
 d - a +0 plate armour (worn)
 o - a +0 pair of boots (worn)
Jewellery
 i - an uncursed ring of fire
 m - an uncursed ring of flight
Scrolls
 b - 4 scrolls of teleportation
 c - a scroll of enchant armour {unknown}
 f - a scroll of enchant weapon {unknown}
 g - 2 scrolls of magic mapping {unknown}
 j - 3 scrolls of remove curse {unknown}
 n - a scroll of amnesia
Potions
 h - 4 potions of curing {unknown}
 k - 2 potions of haste {unknown}
 l - a potion of might {unknown}


   Skills:
 * Level 2.0 Armour
 - Level 1.5 Dodging
 - Level 2.1 Stealth
 + Level 2.5 Spellcasting
 + Level 4.8 Conjurations


You had 6 spell levels left.
You knew the following spells:

 Your Spells              Type           Power        Failure   Level
a - Magic Dart            Conj           80%          100%        1

Your spell library contained the following spells:

 Spells                   Type           Power        Failure   Level
 Searing Ray              Conj           40%          100%        2
 Dazzling Flash           Conj/Hex       22%          100%        3
 Fulminant Prism          Conj/Hex       5%           100%        4
 Iskenderun's Mystic Bla  Conj/Tloc      11%          100%        4


Dungeon Overview and Level Annotations

Branches:
Dungeon (3/15)

Altars:
Cheibriados
Ru
Uskayaw
Wu Jian

Portals:
Sewer: D:3


Innate Abilities, Weirdness & Mutations

You are resistant to torment.
Your stone body is resilient. (AC +3)
You are immune to poison.
You resist negative energy. (rN+)
You are resistant to electric shocks. (rElec)
You can survive without breathing.
You are immune to petrification.
You are immune to miasma.


Message History

You are too injured to fight recklessly!
You are too injured to fight recklessly!
You are too injured to fight recklessly!
You are too injured to fight recklessly!
You are too injured to fight recklessly!
You are too injured to fight recklessly!
You closely miss the adder.
The adder is severely wounded.
The adder bites you but does no damage. x2
You closely miss the adder.
The adder is severely wounded.
The adder bites you but does no damage.
You closely miss the adder.
The adder is severely wounded.
The adder bites you but does no damage. The adder bites you.
* * * LOW HITPOINT WARNING * * *
You barely miss the adder.
The adder is severely wounded.
The adder bites you.
You die...

#.. .#
..##..#####.#
#...........#
#..#######..#
#..#≈≈≈≈≈#..# ##
####..#≈≈∩≈≈'..#
..
......#≈≈≈≈≈#..#
.# #..#######..#
.#######
#......@SBB.#
.#.....#
#...#########
.#.###.###..##
.#.#.......##
...(....####
........#
..#####.# #.#
#.# ..# #.#


You could see an adder and 2 giant cockroaches.

Vanquished Creatures
  An adder (D:3)
  A leopard gecko (D:1)
  4 giant cockroaches
  2 goblins (D:1)
  7 hobgoblins
  7 kobolds
  3 bats (D:1)
  3 frilled lizards (D:1)
  6 rats
34 creatures vanquished.

Notes
Turn   | Place    | Note
-------+----------+-------------------------------------------
     0 | D:1      | Fenrir042 the Gargoyle Conjurer began the quest for the
                  | Orb.
     0 | D:1      | Reached XP level 1. HP: 10/10 MP: 3/3
   316 | D:1      | Reached XP level 2. HP: 15/15 MP: 5/5
   371 | D:1      | Reached skill level 1 in Armour
  1360 | D:1      | Reached XP level 3. HP: 14/19 MP: 6/6
  1967 | D:2      | Found a sacrificial altar of Ru.
  2070 | D:2      | Found an ornate altar of the Wu Jian Council.
  2214 | D:2      | Found a hide-covered altar of Uskayaw.
  2223 | D:2      | Found a snail-covered altar of Cheibriados.
  2552 | D:3      | Found a glowing drain.
  2612 | D:3      | Slain by an adder

Illustrated notes

Levels and vault maps discovered:
D:1:      dpeg_arrival_arbitrary_c, layout_basic, st_stairs_4
D:2:      layout_basic, lemuel_crystal_altar, amethyst_overflow_temple_binary,
          overflow_temple_1_default, minmay_misc_feat_alley,
          minmay_misc_feat_ornament
D:3:      layout_loops_ring, gup_sewer_entry_glass,
          chequers_ecumenical_altar_grove

Skill      XL: |  1  2  3 |
---------------+----------+-----
Armour         | 1 2 |  2.0
Dodging        | |  1.5
Stealth        | |  2.1
Spellcasting   | |  2.5
Conjurations   | |  4.8

Action                   || total
-------------------------++-------
Melee: Unarmed           ||    30
       Club              ||   180
       Flail             ||    40
 Cast: Magic Dart        ||     6
  Use: Scroll            ||     5
Armor: Plate armour      ||   315
       Robe              ||     2
Dodge: Dodged            ||    15

Table legend: (Time is in decaauts)
 A = Elapsed time spent in this place.
 B = Non-inter-level travel time spent in this place.
 C = Inter-level travel time spent in this place.
 D = Time resting spent in this place.
 E = Time spent auto-exploring this place.
 F = Levels seen in this place.
 G = Mean time per level.
                   A        B        C        D        E       F      G
               +--------+--------+--------+--------+--------+-----+--------+
         Total |   2680 |   2633 |     47 |      0 |   2157 |   3 |  893.3 |
       Dungeon |   2680 |   2633 |     47 |      0 |   2157 |   3 |  893.3 |
               +--------+--------+--------+--------+--------+-----+--------+

Top non-repeatable levels by time:
     D:1: 1487 daAuts
     D:2: 935 daAuts
     D:3: 257 daAuts
